 Dungeon Crawl Stone Soup version 0.28.0-47-ge53b351184 (webtiles) character file.

Game seed: 7082885112070811918

1360 Bruhh the Thaumaturge (level 8, 0/55 HPs)
             Began as a Djinni Earth Elementalist on May 1, 2022.
             Was a Follower of Cheibriados.
             Slain by a boulder beetle (22 damage)
             ... on level 7 of the Dungeon.
             The game lasted 00:14:22 (8316 turns).

Bruhh the Thaumaturge (Djinni Earth Elementalist)   Turns: 8316, Time: 00:14:23

Health: 0/55       AC:  7    Str:  9    XL:     8   Next: 96%
Gold:   372        EV: 12    Int: 21    God:    Cheibriados [*.....] SH:  0 Dex: 19

rFire   + + .      SeeInvis .   c - +0 whip
rCold   x . .      Faith    .   (no shield)
rNeg    . . .      Spirit   .   b - +0 robe
rPois   ∞          Reflect  .   (no helmet)
rElec   .          Harm     .   a - +1 cloak
rCorr   .          Rampage  .   k - +2 pair of gloves {Dex+3}
Will    .....                   (boots unavailable)
Stlth   ++........              (no amulet)
HPRegen 0.18/turn               (no ring)
MPRegen 0.00/turn               (no ring)

@: flying, very slow
A: sickness immunity, fire resistance 2, cold vulnerability 1, float, innate
caster, HP casting, extra vitality 1
a: Renounce Religion, Bend Time


You were on level 7 of the Dungeon.
You worshipped Cheibriados.
Cheibriados was aware of your devotion.
You visited 2 branches of the dungeon, and saw 8 of its levels.

You collected 372 gold pieces.

Inventory:

Hand Weapons
 c - a +0 whip (weapon)
Missiles
 r - 78 stones
Armour
 a - a +1 cloak (worn)
 b - a +0 robe (worn)
 k - a +2 pair of gloves of dexterity (worn)
Jewellery
 v - a ring of willpower
Wands
 u - a wand of mindburst (9)
 w - a wand of acid (3)
 x - a wand of polymorph (9)
Scrolls
 d - a scroll of immolation {unknown}
 g - 2 scrolls of fog {unknown}
 h - 2 scrolls of brand weapon {unknown}
 i - 3 scrolls of fear {unknown}
 j - 2 scrolls of teleportation {unknown}
 m - a scroll of amnesia {unknown}
 n - 6 scrolls of identify {unknown}
 p - 2 scrolls of magic mapping {unknown}
Potions
 e - 3 potions of curing {unknown}
 f - a potion of flight {unknown}
 l - a potion of might {unknown}
 o - a potion of degeneration {unknown}
 q - 4 potions of heal wounds {unknown}
 s - a potion of berserk rage {unknown}
 t - 2 potions of attraction {unknown}


   Skills:
 + Level 2.8 Fighting
 - Level 2.1 Dodging
 - Level 1.5 Stealth
 - Level 8.0 Spellcasting


You had 7 spell levels left.
You knew the following spells:

 Your Spells              Type           Power      Damage    Failure   Level
a - Sandblast             Erth           84%        2d18      1%          1
b - Passwall              Tmut/Erth      35%        N/A       1%          2
c - Stone Arrow           Conj/Erth      84%        3d12      1%          3
d - Petrify               Tmut/Erth      42%        N/A       3%          4
e - Shock                 Conj/Air       100%       1d9       1%          1
f - Poisonous Vapours     Pois/Air       84%        N/A       1%          2
g - Vampiric Draining     Necr           42%        2d9       1%          3
Your spell library was empty.

Dungeon Overview and Level Annotations

Branches:
Dungeon (7/15)             Temple (1/1) D:4

Altars:
Ashenzari
Cheibriados
Dithmenos
Elyvilon
Fedhas
Gozag
Hepliaklqana
Kikubaaqudgha
Makhleb
Nemelex Xobeh
Okawaru
Qazlal
Ru
Sif Muna
Trog
Uskayaw
Vehumet
Wu Jian
Xom
Yredelemnul
Zin
The Shining One

Shops:
D:6 *


Innate Abilities, Weirdness & Mutations

You are immune to sickness and miasma.
You are immune to poison.
Your flesh is very heat resistant. (rF++)
You are vulnerable to cold. (rC-)
You float through the air rather than walking.
You learn spells naturally, not from books.
Your magical power is your life essence.
You have superior vitality. (+4 MHP)


Message History

Aiming: Mindburst
Press: ? - help, Shift-Dir - straight line, f/p - boulder beetle
Aim: a boulder beetle (lightly wounded, chance to affect: 47%)
Okay, then.
Aiming: Corrosive Bolt
Press: ? - help, Shift-Dir - straight line, f/p - boulder beetle
Aim: a boulder beetle (lightly wounded, 100% to hit)
The bolt of acid hits the boulder beetle but does no damage.
The boulder beetle is lightly wounded.
Okay, then.
The stone arrow hits the boulder beetle.
The boulder beetle is lightly wounded.
The boulder beetle leaps!
Found 8 gold pieces.
The stone arrow hits the boulder beetle but does no damage.
The boulder beetle is lightly wounded.
The stone arrow hits the boulder beetle!!
The boulder beetle is moderately wounded.
The stone arrow hits the boulder beetle but does no damage.
The boulder beetle is moderately wounded.
The boulder beetle barely misses you.
The stone arrow hits the boulder beetle!
The boulder beetle is heavily wounded.
The boulder beetle bites you!!
Casting: Stone Arrow (safe; 1% risk of failure)
Confirm with . or Enter, or press ? or * to list all spells.
Aiming: Vampiric Draining (safe; 1% risk of failure)
Press: ? - help, Shift-Dir - straight line, f/p - boulder beetle
Aim: a boulder beetle (heavily wounded)
You draw life force from the boulder beetle!
You feel life coursing into your body.
The boulder beetle bites you but does no damage.
Casting: Vampiric Draining (safe; 1% risk of failure)
Confirm with . or Enter, or press ? or * to list all spells.
Aiming: Vampiric Draining (safe; 1% risk of failure)
Press: ? - help, Shift-Dir - straight line, f/p - boulder beetle
Aim: a boulder beetle (heavily wounded)
You draw life force from the boulder beetle!
You feel life coursing into your body. The boulder beetle bites you!!
You die...

### ## ...#
.. #. ...#
..#. #..# .#.
#..# .. #..#
#$ #..#
#.#####..#
#B@......#
#.....#####.#
#.....# #.#
........# #.#
.. .##.....#
#.## .#
#.....# #..#
.....#####
##.# # #..
.### #.# #.
#.. ..#
#########.#


You could see a boulder beetle.

Vanquished Creatures
  A steam dragon (D:6)
  An ice beast (D:6)
  3 black bears
  A sky beast (D:6)
  A centaur (D:6)
  A kobold brigand (D:5)
  A phantom (D:6)
  A gnoll sergeant (D:6)
  A water moccasin skeleton (D:4)
  A bullfrog skeleton (D:6)
  3 hounds
  An orc priest (D:6)
  An iguana (D:6)
  A scorpion zombie (D:5)
  3 orc wizards
  An adder (D:6)
  7 gnolls
  An ufetubus (D:5)
  An adder skeleton (D:4)
  A worm (D:2)
  4 dart slugs
  10 orcs
  8 bats
  7 endoplasms
  4 giant cockroaches
  7 hobgoblins
  6 jackals (D:1)
  2 quokkas
  6 ball pythons
  9 frilled lizards
  4 goblins
  11 kobolds
  7 rats
117 creatures vanquished.

Vanquished Creatures (others)
  7 plants (D:1)
7 creatures vanquished.

Grand Total: 124 creatures vanquished

Notes
Turn   | Place    | Note
-------+----------+-------------------------------------------
     0 | D:1      | Bruhh the Djinni Earth Elementalist began the quest for the
                  | Orb.
     0 | D:1      | Reached XP level 1. HP: 15/15 MP: 0/0
     6 | D:1      | Noticed a komodo dragon
     6 | D:1      | Noticed a hound
     6 | D:1      | Noticed an anaconda
   198 | D:1      | Reached XP level 2. HP: 20/21 MP: 0/0
   373 | D:1      | Reached skill level 3 in Spellcasting
   433 | D:1      | Reached XP level 3. HP: 17/25 MP: 0/0
   433 | D:1      | Learned a level 1 spell: Shock
  1403 | D:1      | Found a faded altar of an unknown god.
  2031 | D:2      | Reached XP level 4. HP: 23/31 MP: 0/0
  3028 | D:3      | Reached skill level 4 in Spellcasting
  3617 | D:3      | Reached XP level 5. HP: 33/35 MP: 0/0
  3617 | D:3      | Learned a level 2 spell: Poisonous Vapours
  4021 | D:4      | You are sucked into a shaft and drop 1 floor!
  4021 | D:5      | Entered Level 5 of the Dungeon
  4060 | D:4      | Found a stormy altar of Qazlal.
  4432 | D:4      | Reached XP level 6. HP: 26/40 MP: 0/0
  4587 | D:4      | Found a staircase to the Ecumenical Temple.
  4793 | Temple   | Entered the Ecumenical Temple
  4908 | Temple   | Became a worshipper of Cheibriados the Contemplative
  5086 | D:4      | Noticed a black bear
  5093 | D:4      | Killed a black bear
  5094 | D:4      | Reached skill level 5 in Spellcasting
  5349 | D:5      | Noticed a black bear
  5356 | D:5      | Killed a black bear
  5357 | D:5      | Reached XP level 7. HP: 32/45 MP: 0/0
  5357 | D:5      | Learned a level 3 spell: Vampiric Draining
  5596 | D:5      | Reached skill level 6 in Spellcasting
  6979 | D:6      | Reached XP level 8. HP: 47/50 MP: 0/0
  7054 | D:6      | Reached * piety under Cheibriados
  7055 | D:6      | Reached skill level 7 in Spellcasting
  7215 | D:6      | Found Ykka's Assorted Antiques.
  7991 | D:6      | Reached skill level 8 in Spellcasting
  7991 | D:6      | Reached skill level 1 in Fighting
  8305 | D:7      | Noticed a boulder beetle
  8316 | D:7      | Slain by a boulder beetle

Illustrated notes

Levels and vault maps discovered:
D:1:      onia_arrival_zoo_common, layout_loops_ring, basic_ecumenical_altar,
          minmay_lizard_king
D:2:      layout_loops_ring
D:3:      cheibrodos_thug_alley, layout_loops_cross, serial_shops, shop
D:4:      layout_basic, nicolae_qazlal_general_emergency,
          minmay_temple_entry_glassed_door
D:5:      layout_cave_pools, chequers_big_river
D:6:      black_bear_nest_2, layout_loops_corners, serial_shops,
          nicolae_shop_overgrown_old_shop
D:7:      corexii_shack_village, layout_loops_cross
Temple:   dpeg_three_leaves_temple

Skill      XL: |  1  2  3  4  5  6  7  8 |
---------------+-------------------------+-----
Spellcasting   | 3 4 5 6 8 |  8.0
Fighting       | 2 |  2.8
Dodging        | |  2.1
Stealth        | |  1.5

Action                   |  1- 3 |  4- 6 |  7- 9 || total
-------------------------+-------+-------+-------++-------
Melee: Unarmed           |    23 |       |       ||    23
       Whip              |    53 |    59 |     1 ||   113
 Cast: Sandblast         |    42 |    19 |       ||    61
       Shock             |       |    22 |       ||    22
       Stone Arrow       |       |    22 |    61 ||    83
       Vampiric Draining |       |       |     2 ||     2
Evoke: Wand              |       |       |     3 ||     3
 Stab: Sleeping          |     2 |     1 |       ||     3
Armor: Robe              |    29 |    27 |     8 ||    64
Dodge: Dodged            |    63 |    50 |    11 ||   124
